[Event "Late-Titled-Tuesday-Blitz-September-19-2023"]
[Site "Chess.com"]
[Date "2023.09.19"]
[Round "7"]
[White "Pingah9"]
[Black "lamomiajunior"]
[Result "1-0"]
[WhiteElo "2565"]
[BlackElo "2644"]
[TimeControl "180+1"]
[EndTime "15:15:41 PDT"]
[Termination "Pingah9 won by checkmate"]

1. e4 c6 2. Nc3 d5 3. Qf3 Nf6 4. e5 Nfd7 5. d4 e6 6. Nh3 Qb6 7. Ng5 f6 8. Nxe6 fxe5 9. dxe5 Nxe5 10. Qh5+ Nf7 11. Nxf8 Kxf8 12. Bd3 Nd7 13. O-O Nf6 14. Qh4 Bd7 15. b3 Kg8 16. Bb2 Qd8 17. Rae1 c5 18.
h3 Rc8 19. Qg3 Qc7 20. Qf3 Bc6 21. Bf5 Rf8 22. Be6 d4 23. Nd5 Bxd5 24. Bxd5 Nxd5 25.
Qxd5 b6 26. Bc1 Rd8 27. Qc4 h6 28. g3 Kh7 29. Bf4 Qd7 30. Qd3+ g6 31. Kh2 Rhe8 32. a4 Kg7 33. Qf3 g5 34. Bd2 Ne5 35. Qg2 Qf7 36. f4 gxf4 37. Bxf4 Qh5 38. g4 Qg6 39. Bxe5+ Kh7 40.
Bg3 d3 41. cxd3 Rxd3 42. Rxe8 Qxe8 43. Qc2 Qe3 44. Qf2 Qxf2+ 45. Rxf2 Rxb3 46. Rf7+ Kg6 47. Rxa7 c4 48. Rc7 Rb4 49. Rc6+ Kg5 50. Bf2 Rxa4 51. Be3+ Kh4 52. Rxh6# 1-0

[Event "Late-Titled-Tuesday-Blitz-September-19-2023"]
[Site "Chess.com"]
[Date "2023.09.19"]
[Round "7"]
[White "Thjop"]
[Black "K_A_S_T_O_R"]
[Result "0-1"]
[WhiteElo "2618"]
[BlackElo "2914"]
[TimeControl "180+1"]
[EndTime "15:15:47 PDT"]
[Termination "K_A_S_T_O_R won by resignation"]

1. e4 c5 2. Nf3 d6 3. g3 Nf6 4. d3 Nc6 5. Bg2 e5 6. O-O g6 7. Nc3 h6 8. a4 Bg7 9. Nd2 Be6 10. Nc4 d5 11. exd5 Nxd5 12. Ne4 b6 13.
a5 O-O 14. axb6 axb6 15. Rxa8 Qxa8 16. Bd2 Rd8 17. Nc3 Qb7 18. Nxd5 Bxd5 19. Bxd5 Rxd5 20. Bc3 b5 21. Ne3 Rd7 22. b3 Nd4 23. Bxd4 cxd4 24.
Ng2 Rc7 25. Qe2 Qc6 26. Ne1 f5 27. f3 Kh7 28. Rf2 Ra7 29. h4 h5 30. Kh2 Re7 31. Qd1 Bf6 32. Qe2 Kg7 33. Ng2 Qd5 34. Qe1 Rc7 35. Qe2 Kf7 36. Qd2 Kg7 37. Qe2 Be7 38.
g4 Bd6 39. gxf5 gxf5 40. f4 exf4 41. Nxf4 Bxf4+ 42. Rxf4 Qd6 43. Qg2+ Kf8 44. Qg3 Rxc2+ 45. Kh3 Qe6 46. Qf3 Kg7 47. Qg3+ Kf7 48. Qf3 Kf6 49.
Qg3 Qe3 50. Rf3 Re2 51. Rxe3 Rxe3 52. Qxe3 dxe3 53. Kg3 f4+ 54. Kf3 Ke5 55. b4 Kd4 0-1

[Event "Late-Titled-Tuesday-Blitz-September-19-2023"]
[Site "Chess.com"]
[Date "2023.09.19"]
[Round "7"]
[White "angelgab3"]
[Black "JoakimVonAnd"]
[Result "0-1"]
[WhiteElo "2578"]
[BlackElo "2726"]
[TimeControl "180+1"]
[EndTime "15:15:49 PDT"]
[Termination "JoakimVonAnd won by resignation"]

1. e4 c5 2. Nf3 a6 3. c4 Nc6 4. d4 cxd4 5. Nxd4 d6 6. Nc3 g6 7. Be3 Bg7 8. f3 Nf6 9. Be2 O-O 10. O-O Bd7 11. Qd2 Rc8 12. Rac1 Re8 13. b3 Nxd4 14.
Bxd4 Bc6 15. Bd1 Qa5 16. Bc2 Nd7 17. Bxg7 Kxg7 18. Rfe1 b5 19. cxb5 axb5 20. Qd4+ Kg8 21. Bd3 b4 22. Nd5 Bxd5 23. exd5 Ne5 24. Bf1 Qxa2 25.
Qxb4 Rb8 26. Qh4 Qxb3 27. f4 Nd3 28. Bxd3 Qxd3 29. Rxe7 Qxd5 30. h3 Qd4+ 31. Kh1 Rxe7 32. Qxe7 Qxf4 33. Qc7 Ra8 34. Rd1 Ra2 35. Qxd6 Qxd6 36.
Rxd6 Kg7 37. Kh2 Ra3 38. Rc6 Rd3 39. Rb6 Rc3 40. Ra6 Rb3 41. Rc6 Ra3 42. Rd6 h6 43.
Rb6 Rc3 44. Ra6 Rc4 45. Rb6 h5 46. Ra6 h4 47. Rb6 g5 48. Ra6 f6 49. Rb6 Kg6 50.
Ra6 Rc3 51. Rb6 Ra3 52. Rc6 Rb3 53. Rd6 Kf5 54. Rc6 Ke5 55. Rc5+ Kf4 56. Rc6 Rb4 57. Rxf6+ Ke5 58. Rf8 Rb2 59. Kg1 Ke4 60. Kf1 Ra2 61. Re8+ Kf4 62. Rf8+ Kg3 63. Rf5 Ra1+ 64. Ke2 Kxg2 65.
Rxg5+ Kxh3 66. Rg8 Kh2 67. Kf2 Ra7 68. Rg6 Rf7+ 69.
Ke2 h3 70. Rg8 Kh1 71. Rg3 Kh2 72. Rg8 Rf5 73. Rg6 Kh1 74. Rg3 h2 75. Rg8 Rf4 76.
Ke3 Rf1 77. Ke2 Rg1 78. Rh8 Kg2 79. Rg8+ Kh3 80. Rh8+ Kg3 81. Rg8+ Kf4 82. Rf8+ Ke5 0-1

[Event "Late-Titled-Tuesday-Blitz-September-19-2023"]
[Site "Chess.com"]
[Date "2023.09.19"]
[Round "7"]
[White "GMBenjaminBok"]
[Black "VitaliyBernadskiy"]
[Result "0-1"]
[WhiteElo "2950"]
[BlackElo "2865"]
[TimeControl "180+1"]
[EndTime "15:15:50 PDT"]
[Termination "VitaliyBernadskiy won on time"]

1. d4 d6 2. Nf3 g6 3. e4 Nf6 4.
Bc4 Nxe4 5. O-O Bg7 6. Re1 Nf6 7. d5 O-O 8. Nc3 c6 9. Bg5 b5 10. Bb3 a6 11. dxc6 Nxc6 12. Nd5 Bb7 13. Nxf6+ exf6 14. Bf4 Ne5 15. Bd5 Bxd5 16. Qxd5 Qc7 17. c3 Qc4 18. Qxc4 bxc4 19. Re2 Rfd8 20. Rd1 Nd3 21. Be3 f5 22.
Bd4 Re8 23. Red2 Rab8 24. b4 cxb3 25. axb3 Nc5 26. Bxg7 Kxg7 27. Nd4 a5 28. g3 Rec8 29. Ra2 Ne4 30. Rxa5 Nxc3 31. Re1 Rb4 32. Nf3 Ne4 33. Re3 Rc1+ 34. Kg2 Rc2 35. Ra7 Rxf2+ 36. Kg1 Rb2 37.
h3 R2xb3 38. Rxb3 Rxb3 39. Nd4 Rxg3+ 40. Kh2 Rd3 41. Ne6+ Kf6 42. Nd8 Ng5 43. h4 Rh3+ 44. Kg2 Rxh4 45. Rd7 Rd4 46. Kf2 h5 47. Ke3 Re4+ 48.
Kd3 h4 49. Rxd6+ Ke7 50. Rd5 h3 51. Nc6+ Kf6 52. Rd8 Rh4 53. Rd6+ Kg7 54. Ne5 h2 0-1

[Event "Late-Titled-Tuesday-Blitz-September-19-2023"]
[Site "Chess.com"]
[Date "2023.09.19"]
[Round "7"]
[White "TatjanaVasilevich"]
[Black "andrzej"]
[Result "0-1"]
[WhiteElo "2549"]
[BlackElo "2482"]
[TimeControl "180+1"]
[EndTime "15:15:50 PDT"]
[Termination "andrzej won by checkmate"]

1. Nf3 d5 2. b3 c5 3. Bb2 Nf6 4.
g3 g6 5. Bg2 Bg7 6. O-O O-O 7.
e3 Nc6 8. d4 cxd4 9. Nxd4 Bd7 10.
Nxc6 Bxc6 11. Qe2 Rc8 12. Rd1 Qc7 13. Na3 Rfd8 14. Rac1 Qa5 15. h4 Ne8 16. c4 dxc4 17. Bxg7 Nxg7 18. Nxc4 Qa6 19. Bxc6 Qxc6 20. Rxd8+ Rxd8 21.
Rd1 Ne6 22. Rxd8+ Nxd8 23. Qd3 Ne6 24. e4 Kg7 25. f3 Qc5+ 26. Kg2 b5 27. Ne3 Nd4 28. f4 e6 29. h5 a6 30. hxg6 hxg6 31. Qd2 Nc6 32. Qb2+ Qd4 33. Qxd4+ Nxd4 34. Kf1 Kf6 35.
Ke1 Ke7 36. Kd2 Kd6 37. Kd3 Nc6 38. a3 Kc5 39. b4+ Kd6 40. e5+ Kc7 41. Nc2 Ne7 42.
Ne3 Kc6 43. Ke4 Nc8 44. Kd4 Nb6 45. g4 Nd7 46. g5 Nb6 47. Ng4 Nd5 48. Ke4 Nc3+ 49.
Kd3 Nd5 50. Ke4 Nc3+ 51. Ke3 Nd5+ 52. Kf3 Nc3 53. Nh6 Nb1 54. Nxf7 Nxa3 55. Nh8 a5 56.
Nxg6 axb4 57. Nf8 b3 58. g6 b2 59. g7 b1=Q 60. g8=Q Qf1+ 61. Ke3 Nc4+ 62. Kd4 Qxf4+ 63. Kd3 Qe3+ 64. Kc2 Qd2+ 65. Kb1 Qb2# 0-1

[Event "Late-Titled-Tuesday-Blitz-September-19-2023"]
[Site "Chess.com"]
[Date "2023.09.19"]
[Round "7"]
[White "zverr1"]
[Black "SlipperySpeedster"]
[Result "0-1"]
[WhiteElo "2510"]
[BlackElo "2648"]
[TimeControl "180+1"]
[EndTime "15:15:51 PDT"]
[Termination "SlipperySpeedster won by resignation"]

1. d4 d5 2. c4 e6 3. Nf3 c5 4. cxd5 exd5 5. g3 Nc6 6. Bg2 Nf6 7. O-O Be7 8. Nc3 O-O 9. Bg5 c4 10. Ne5 Be6 11. b3 cxb3 12. Nxc6 bxc6 13. Qxb3 Rb8 14. Qa4 Rb4 15. Qxa7 h6 16. Bf4 Nd7 17.
Rab1 Rc4 18. Rfc1 Bf5 19. e4 dxe4 20. Nxe4 Rxc1+ 21. Rxc1 Nf6 22. Nc5 Nd5 23. Bxd5 cxd5 24. Qc7 Qxc7 25. Bxc7 Ra8 26. Ra1 Ra3 27. Nb3 Bc2 28.
Re1 Bb4 29. Re8+ Kh7 30. Rb8 Be7 31. Nc1 Be4 32. Rb3 Ra4 33. f3 Rc4 34. Ne2 Bc2 35.
Rc3 Bb4 36. Rxc4 dxc4 37. d5 Bd3 38. Kf2 c3 39. d6 c2 40. Nc1 Bb5 41. d7 Bxd7 42. Bf4 g5 43. Be3 Bb5 44. f4 g4 45.
f5 h5 46. Bg5 Kg7 47. Ke3 Bd7 48. f6+ Kg6 49. Bf4 Bf5 50. Kd4 Kxf6 51. Kc4 Ba5 52. a4 Bb6 53. Kb5 Bg1 54. a5 Bxh2 55. a6 h4 56. a7 Be4 57. Nd3 hxg3 58. Nc5 Ba8 59. Nd7+ Kf5 60. Nb6 Kxf4 61. Nxa8 c1=Q 62. Nb6 Qb2+ 63. Ka6 Qxb6+ 64. Kxb6 Bg1+ 65. Kb7 Bxa7 66. Kxa7 g2 0-1

[Event "Late-Titled-Tuesday-Blitz-September-19-2023"]
[Site "Chess.com"]
[Date "2023.09.19"]
[Round "7"]
[White "MBA_CHESS_2021"]
[Black "UK_23"]
[Result "1/2-1/2"]
[WhiteElo "2188"]
[BlackElo "2392"]
[TimeControl "180+1"]
[EndTime "15:15:51 PDT"]
[Termination "Game drawn - insufficient material"]

1. d4 d5 2. c4 e6 3. Nc3 Nf6 4. Bg5 Be7 5. e3 O-O 6. Qc2 h6 7. Bxf6 Bxf6 8. g4 g6 9. h4 Bg7 10. O-O-O a6 11. f4 dxc4 12. Bxc4 b5 13. Bd3 Bb7 14. Rh2 Nd7 15. Kb1 Rc8 16. Nge2 c5 17. dxc5 Rxc5 18. Qb3 Qc7 19. Ne4 Bxe4 20. Bxe4 Nf6 21.
Bf3 Rc8 22. a3 h5 23. gxh5 Nxh5 24. Bxh5 Rxh5 25. Ng3 Rc5 26. h5 Rc1+ 27. Rxc1 Qxc1+ 28. Ka2 Qg1 29. hxg6 Qxh2 30. gxf7+ Kxf7 31. Ne4 Bxb2 32. Nd6+ Kf8 33. Nxc8 Bf6+ 34. Kb1 Qg1+ 35. Kc2 Qf2+ 36.
Kd3 Qf1+ 37. Ke4 Qc4+ 38. Qxc4 bxc4 39. Nb6 c3 40. Kd3 Ke7 41. Na4 Kd6 42. Nxc3 Kc6 43. Kc4 Be7 44. e4 Bxa3 45. f5 exf5 46. exf5 Kd6 47. f6 Ke6 48. Nd5 Bd6 49. Kd4 a5 50. Kc4 a4 51. Nc3 a3 52. Kb3 Kxf6 53. Nb5 Ke6 54.
Nd4+ Kd5 55. Nc2 Ke4 56. Nxa3 1/2-1/2

[Event "Late-Titled-Tuesday-Blitz-September-19-2023"]
[Site "Chess.com"]
[Date "2023.09.19"]
[Round "7"]
[White "Dr_crypt"]
[Black "MajorCoast"]
[Result "1-0"]
[WhiteElo "2442"]
[BlackElo "2290"]
[TimeControl "180+1"]
[EndTime "15:15:52 PDT"]
[Termination "Dr_crypt won by checkmate"]

1. d4 Nf6 2. Nf3 d5 3. g3 e6 4. Bg2 b5 5. O-O Bb7 6. a4 b4 7.
Ne5 Nbd7 8. Nxd7 Qxd7 9. Nd2 c5 10. dxc5 Bxc5 11. Nb3 Be7 12. a5 Ba6 13. Be3 O-O 14. Nc5 Bxc5 15. Bxc5 Rfc8 16. Bxb4 Qb5 17. Bc3 Qxe2 18.
Bxf6 gxf6 19. Qxe2 Bxe2 20. Rfe1 Rxc2 21. b4 Rb8 22.
Rab1 a6 23. Bf1 Bxf1 24. Kxf1 Rc4 25. Rec1 Rcxb4 26. Rxb4 Rxb4 27. Rc6 Kg7 28. Rxa6 Ra4 29. Ke2 Ra3 30. Ra7 f5 31. f4 Kg6 32. a6 Kh5 33. Rxf7 Rxa6 34. Rxh7+ Kg6 35. Re7 Kf6 36. Rh7 Kg6 37. Re7 Kf6 38. Rh7 Ra2+ 39. Ke3 Ra3+ 40. Ke2 Ra2+ 41. Ke3 Ra4 42. h4 Ra3+ 43. Kf2 Ra2+ 44.
Kf3 Ra4 45. h5 Re4 46. g4 Ra4 47. g5# 1-0

[Event "Late-Titled-Tuesday-Blitz-September-19-2023"]
[Site "Chess.com"]
[Date "2023.09.19"]
[Round "7"]
[White "Qvalda"]
[Black "IMRosen"]
[Result "1-0"]
[WhiteElo "2356"]
[BlackElo "2557"]
[TimeControl "180+1"]
[EndTime "15:15:56 PDT"]
[Termination "Qvalda won by resignation"]

1. d4 Nf6 2. c4 c5 3. d5 b5 4.
cxb5 a6 5. bxa6 g6 6. Nc3 Bg7 7. g3 O-O 8. Bg2 d6 9. Nf3 Nxa6 10. O-O Bb7 11. Nd2 Nb4 12. Nc4 Ba6 13. Ne3 Nd7 14.
a3 Bb7 15. Rb1 Na6 16. Nc4 Nb6 17. Na5 Bc8 18. Nc6 Qc7 19. Bg5 Re8 20. h4 Bf5 21. e4 Bc8 22. h5 h6 23. Bf4 g5 24.
Be3 Nc4 25. Bc1 Bb7 26. f4 gxf4 27. gxf4 Bxc6 28. dxc6 Bd4+ 29. Kh1 Kh8 30. e5 Rg8 31. Qd3 Rxg2 32. Kxg2 Qxc6+ 33. Qe4 Rg8+ 34. Kh2 Qxe4 35.
Nxe4 dxe5 36. b3 Nd6 37. Nxd6 exd6 38. fxe5 Bxe5+ 39. Bf4 Rg5 40. Bxe5+ Rxe5 41. Rxf7 Rxh5+ 42. Kg3 Rg5+ 43. Kh4 Nb8 44. Re1 Nc6 45. Re8+ Rg8 46. Rxg8+ Kxg8 47. Rf6 Nd4 48. Kh5 Nxb3 49. Rxd6 Kf7 50.
Rb6 c4 51. a4 Ke7 52. Rb4 Na5 53. Rb5 Nb3 54. a5 Nxa5 55. Rxa5 Kd6 56. Kg4 c3 57. Kf3 c2 58. Ra1 Kd5 59. Rc1 Kd4 60. Rxc2 Ke5 61. Rh2 Kf5 62. Rxh6 1-0

[Event "Late-Titled-Tuesday-Blitz-September-19-2023"]
[Site "Chess.com"]
[Date "2023.09.19"]
[Round "7"]
[White "Eloist"]
[Black "miraitrunks"]
[Result "1-0"]
[WhiteElo "2496"]
[BlackElo "2139"]
[TimeControl "180+1"]
[EndTime "15:16:00 PDT"]
[Termination "Eloist won on time"]

1. e4 e6 2. d4 d5 3. Nd2 dxe4 4.
Nxe4 Bd7 5. Nf3 Bc6 6. Bd3 Nf6 7. Ned2 Bd6 8. O-O O-O 9. Nc4 Nbd7 10. Re1 Re8 11. Na5 e5 12. Nxc6 bxc6 13. dxe5 Nxe5 14.
Nxe5 Bxe5 15. Qf3 Qd5 16. Qxd5 cxd5 17. g3 Bd4 18. Kf1 Ng4 19. Rxe8+ Rxe8 20. f3 Ne5 21. Be2 Ng6 22. c3 Bb6 23. Bd2 h5 24. Bb5 Re5 25. Re1 Rf5 26. Kg2 Ne5 27. f4 Ng4 28. Re8+ Kh7 29. Bd3 Kg6 30. Re7 Kf6 31. Rxf7+ Kxf7 32. Bxf5 Nf6 33. Kf3 g6 34. Bd3 Ke6 35. h3 c5 36. g4 hxg4+ 37. hxg4 c4 38. Bxg6 d4 39. cxd4 Bxd4 40. Bc3 Bxc3 41. bxc3 Nd5 42. g5 Nxc3 43. f5+ Ke5 44. f6 Ke6 45. a3 Nb5 46. a4 Nd6 47. Bc2 a5 48. Kf4 Nb7 49. Ke3 Nd6 50. Kd4 Nf7 51.
g6 Nh6 52. f7 Ke7 53. Kxc4 1-0

[Event "Late-Titled-Tuesday-Blitz-September-19-2023"]
[Site "Chess.com"]
[Date "2023.09.19"]
[Round "7"]
[White "RIPOL"]
[Black "victormago"]
[Result "0-1"]
[WhiteElo "2418"]
[BlackElo "2535"]
[TimeControl "180+1"]
[EndTime "15:16:02 PDT"]
[Termination "victormago won on time"]

1. d4 Nf6 2. c4 c5 3. d5 e6 4. Nc3 exd5 5. cxd5 d6 6. h3 g6 7. e4 Bg7 8. Nf3 O-O 9. Bd3 a6 10. a4 Nbd7 11. O-O Nh5 12. Re1 Ne5 13. Be2 Nxf3+ 14.
Bxf3 Qh4 15. a5 Be5 16. Ra3 Bd7 17. Bg4 f5 18. exf5 Bxf5 19. Be3 Bxg4 20. Qxg4 Qxg4 21. hxg4 Nf4 22. Rd1 Rab8 23. g3 Bxc3 24. bxc3 Ne2+ 25. Kg2 b5 26. axb6 Rxb6 27. Rd2 Nc1 28. Rc2 Nd3 29.
Rca2 Ra8 30. Kf1 Kf7 31. g5 Ke7 32. Ke2 Ne5 33. Ra4 Ra7 34. f4 Nd7 35. Kd3 Kf7 36.
Bd2 Nb8 37. c4 Rab7 38. Bc3 Rb1 39. Re2 Rd1+ 40. Kc2 Rg1 41. Be1 Rb1 42. Bf2 Rgc1+ 43. Kd2 Rd1+ 44. Ke3 Rb3+ 45. Ke4 Rdb1 46. Raa2 Rc3 47.
Rac2 Rc1 48. Rxc1 Rxc1 49. Kd3 Rb1 50. Re6 Rb3+ 51. Kc2 Rb6 52. Be3 a5 53. Bd2 Ra6 54. Kb3 a4+ 55. Ka3 Nd7 56. Bc3 Nb6 57. Ka2 Nxc4 58.
Bf6 Ra7 59. Re4 Nb6 0-1

[Event "Late-Titled-Tuesday-Blitz-September-19-2023"]
[Site "Chess.com"]
[Date "2023.09.19"]
[Round "7"]
[White "dropstoneDP"]
[Black "SpeedofLight0"]
[Result "1-0"]
[WhiteElo "3056"]
[BlackElo "3087"]
[TimeControl "180+1"]
[EndTime "15:16:04 PDT"]
[Termination "dropstoneDP won by checkmate"]

1. e4 e5 2. Nf3 Nc6 3. Nc3 Nf6 4. d4 Bb4 5. Nxe5 Qe7 6. Qd3 Bxc3+ 7. Qxc3 d6 8. Nxc6 Qxe4+ 9. Be2 Qxc6 10. Qxc6+ bxc6 11. Bf3 Nd5 12. Bd2 Be6 13. c4 Ne7 14. b3 Kd7 15.
Ba5 Rae8 16. O-O-O d5 17. c5 h5 18. h3 g5 19. Bd2 f6 20. h4 g4 21. Be2 Bf5 22.
Rhe1 Ng6 23. g3 Be4 24. Ba6 Re6 25. Re2 Rhe8 26. Rde1 R6e7 27. Kb2 Rf7 28. Kc3 f5 29. Bg5 Nf8 30. Bf4 Ng6 31. Re3 Rb8 32. b4 Ke6 33. a4 Rd7 34. R1e2 Kf7 35. Rb2 Nf8 36. b5 cxb5 37.
Rxb5 Rxb5 38. axb5 Ne6 39. Bc8 Re7 40. Bxe6+ Kxe6 41.
Kb4 Rf7 42. Ra3 Bf3 43. Ra6+ Kd7 44. Rxa7 Ke6 45. Rxc7 Rxc7 46. Bxc7 Kd7 47. Bf4 Be2 48. c6+ Kc8 49. Kc5 Bc4 50. b6 Ba6 51. Be5 f4 52. Bxf4 Bb7 53. cxb7+ Kxb7 54. Bc7 Kc8 55. Kxd5 Kb7 56.
Ke4 Kc8 57. f3 Kd7 58. fxg4 hxg4 59. d5 Ke7 60. Be5 Kd8 61. Bd4 Kd7 62. Bc5 Kd8 63.
Kf5 Kd7 64. Kf6 Kc8 65. Ke6 Kd8 66. h5 Kc8 67. h6 Kb7 68. h7 Kc8 69. h8=N Kb7 70.
Nf7 Ka6 71. Bf2 Kb7 72. d6 Kc8 73. d7+ Kb7 74. d8=Q Kc6 75. Qd5# 1-0

[Event "Late-Titled-Tuesday-Blitz-September-19-2023"]
[Site "Chess.com"]
[Date "2023.09.19"]
[Round "7"]
[White "Verony64"]
[Black "pirulillo"]
[Result "1-0"]
[WhiteElo "2276"]
[BlackElo "2367"]
[TimeControl "180+1"]
[EndTime "15:16:08 PDT"]
[Termination "Verony64 won on time"]

1. e4 c5 2. Nc3 Nc6 3. d3 g6 4. g3 Bg7 5. Bg2 d6 6. f4 e6 7. Nf3 Nge7 8. O-O O-O 9. Be3 Nd4 10. Qd2 Nec6 11. Rae1 Bd7 12. Nd1 Qc7 13. c3 Nxf3+ 14. Bxf3 b6 15. Bg2 f5 16. Nf2 Rae8 17. g4 Kh8 18. Kh1 Ne7 19. gxf5 exf5 20. Nh3 h6 21. Ng1 Bc6 22. exf5 Nxf5 23. Nf3 Qb7 24. Bg1 Rxe1 25. Nxe1 Re8 26. Bxc6 Qxc6+ 27. Qg2 Qxg2+ 28. Kxg2 Re2+ 29. Kf3 Rxb2 30. Rf2 Rxf2+ 31. Bxf2 Bxc3 32. Nc2 Kg7 33. Ke4 Ne7 34. d4 d5+ 35. Kd3 cxd4 36. Bxd4+ Bxd4 37. Nxd4 Kf6 38. Nb5 Kf5 39. Ke3 Ke6 40. Nxa7 Nf5+ 41.
Kd3 Kd6 42. Nb5+ Kc5 43. Nc7 Kd6 44. Nb5+ Kc6 45. a4 Nh4 46. Nd4+ Kd6 47. Nb5+ Kc5 48. Nc7 Ng2 49. Ne6+ Kd6 50. Nf8 Nxf4+ 51. Ke3 g5 52. h4 Ke5 53. hxg5 hxg5 54. Nd7+ Kf5 55. Nxb6 g4 56.
a5 g3 57. a6 Kg4 58. a7 g2 59.
Kf2 Kh3 60. a8=Q Nd3+ 61. Kg1 Ne5 62. Qh8+ Kg3 63. Qxe5+ 1-0

[Event "Late-Titled-Tuesday-Blitz-September-19-2023"]
[Site "Chess.com"]
[Date "2023.09.19"]
[Round "7"]
[White "Jospem"]
[Black "Firouzja2003"]
[Result "1/2-1/2"]
[WhiteElo "3064"]
[BlackElo "3073"]
[TimeControl "180+1"]
[EndTime "15:16:11 PDT"]
[Termination "Game drawn - insufficient material"]

1. e4 c6 2. d4 d5 3. e5 Bf5 4.
h4 h5 5. Bd3 Bxd3 6. Qxd3 e6 7.
Nf3 Qa5+ 8. Nc3 Ne7 9. O-O Nf5 10.
Ne2 Qa6 11. Qd1 c5 12. c3 Nc6 13. Ng3 g6 14. Nxf5 gxf5 15. Bg5 b6 16. Qd2 Be7 17. Rfd1 Rg8 18. b3 Bxg5 19. Nxg5 Rd8 20. Qe3 Ne7 21.
dxc5 bxc5 22. Qxc5 Ng6 23. Qd4 Qb6 24. g3 f4 25. Kh2 fxg3+ 26. fxg3 Ne7 27. Nh7 Rg6 28. Nf6+ Kf8 29. Rd3 Qxd4 30. Rxd4 Rc8 31. Rd3 Nc6 32. Re1 Nxe5 33. Nh7+ Kg7 34. Rxe5 Kxh7 35. Rxh5+ Kg7 36. Re5 Rf6 37. Kg2 Rc6 38. Re2 Rh6 39. Rc2 Rh8 40. c4 Rhc8 41. Rd4 a5 42. g4 Rc5 43. Kf3 e5 44.
Rd1 dxc4 45. Rdc1 c3 46. Re2 a4 47. bxa4 Rc4 48. Re4 c2 49. Ke3 Rc3+ 50. Kd2 Rh3 51. Re2 Rxh4 52. Rxc2 Rxc2+ 53. Kxc2 Rxg4 54. Rxe5 Rxa4 55. Kb3 Ra8 56. a4 Kf6 57. Re1 Kg5 58.
Kb4 f5 59. Kb5 f4 60. a5 Kg4 61. a6 f3 62. Kb6 f2 63. Rf1 Kf3 64. Kb7 Rxa6 65.
Rxf2+ Kxf2 66. Kxa6 1/2-1/2

[Event "Late-Titled-Tuesday-Blitz-September-19-2023"]
[Site "Chess.com"]
[Date "2023.09.19"]
[Round "7"]
[White "MathiasWomacka"]
[Black "scandalgod"]
[Result "1-0"]
[WhiteElo "2558"]
[BlackElo "2456"]
[TimeControl "180+1"]
[EndTime "15:16:13 PDT"]
[Termination "MathiasWomacka won on time"]

1. e4 e5 2. Nf3 Nc6 3. Bb5 a6 4. Bxc6 dxc6 5. O-O Bg4 6. h3 h5 7. d3 Qf6 8. Nbd2 Ne7 9. Re1 Ng6 10. d4 Bd6 11. hxg4 hxg4 12. Nh2 Rxh2 13. Qxg4 Rh4 14. Qf5 exd4 15. Nf3 Rh8 16. Bg5 Qe6 17. Qxe6+ fxe6 18. Nxd4 Kf7 19. g3 Rh5 20. Nf3 Rah8 21. Kg2 Ne5 22. Be3 Nxf3 23. Kxf3 Kf6 24. Rad1 b5 25. Bd4+ e5 26. Be3 Ke6 27. Kg4 g6 28. b3 a5 29.
c4 b4 30. Rd3 Be7 31. Red1 Rh2 32. c5 Rh1 33. Rd7 Rxd1 34. Rxd1 Rh2 35. Kf3 Rh8 36. Ke2 Rh2 37. Kd3 Rh8 38. Kc4 g5 39. a3 bxa3 40. Ra1 Rb8 41. Rxa3 Rb4+ 42. Kd3 Rb5 43. Kc3 Bxc5 44.
Bxc5 Rxc5+ 45. Kd3 Rb5 46. Kc4 Kd6 47. f3 Rb4+ 48. Kc3 Rb5 49. Kc4 Ke6 50. Ra2 Kd6 51.
Rd2+ Ke7 52. Rh2 Rb4+ 53. Kc3 c5 54. Rh7+ Kd6 55. Rg7 a4 56. bxa4 Rxa4 57. Rg6+ Kd7 58. Rxg5 Ra3+ 59. Kc4 Rxf3 60. Kxc5 Re3 61. Kd5 c6+ 62.
Kxe5 c5 63. Kd5 c4 64. Kxc4 Rxe4+ 65. Kd5 Re7 66. Rg7 1-0

[Event "Late-Titled-Tuesday-Blitz-September-19-2023"]
[Site "Chess.com"]
[Date "2023.09.19"]
[Round "7"]
[White "Journey_to_GrandMaster_YT"]
[Black "Emp3rador"]
[Result "0-1"]
[WhiteElo "2645"]
[BlackElo "2499"]
[TimeControl "180+1"]
[EndTime "15:16:14 PDT"]
[Termination "Emp3rador won on time"]

1. d4 d5 2. Nf3 Nf6 3. c4 c6 4.
Nc3 dxc4 5. a4 Bf5 6. e3 e6 7.
Bxc4 Bb4 8. O-O O-O 9. Qe2 Nbd7 10. e4 Bg6 11. e5 Nd5 12. Ne4 h6 13. Rd1 a5 14. Bd3 Qe7 15. Ng3 Bxd3 16. Qxd3 c5 17. Ne4 Rac8 18. Nd6 Rc7 19. Nb5 c4 20. Qe4 Rc6 21. Bd2 N7b6 22. Bxb4 Qxb4 23. Qc2 c3 24. b3 Qe7 25. Ne1 Nb4 26. Qe4 N6d5 27. Rac1 Rfc8 28. Nd6 Rxd6 29. exd6 Qxd6 30. Nc2 Nxc2 31.
Qxc2 Nb4 32. Qe4 Qd5 33. Qxd5 Nxd5 34. Rd3 Kf8 35. Kf1 Ke7 36. g3 Kd6 37. Ke2 Rc6 38.
Rf3 f6 39. Kd1 Rb6 40. Rb1 Rb4 41. Rd3 g5 42. Kc2 g4 43. Rdd1 Rb6 44. Kd3 Rc6 45. Rdc1 Nb4+ 46. Ke4 f5+ 47. Ke3 e5 48. dxe5+ Kxe5 49. f3 h5 50. f4+ Ke6 51. Re1 Kd5 52. Rbc1 Kc5 53. Red1 Nd5+ 54. Kf2 Rb6 55. Rb1 Rb4 56. Rdc1 Rd4 57. Rc2 Rd3 58. Ke2 Kd4 59. Rbc1 Nb4 0-1

[Event "Late-Titled-Tuesday-Blitz-September-19-2023"]
[Site "Chess.com"]
[Date "2023.09.19"]
[Round "7"]
[White "slorovel"]
[Black "PapaieDudu"]
[Result "1/2-1/2"]
[WhiteElo "2505"]
[BlackElo "2392"]
[TimeControl "180+1"]
[EndTime "15:16:19 PDT"]
[Termination "Game drawn by stalemate"]

1. e4 c5 2. Nc3 e6 3. f4 d5 4.
Bb5+ Bd7 5. Bxd7+ Nxd7 6. exd5 e5 7. Nf3 exf4 8. O-O Bd6 9. d4 cxd4 10. Qxd4 Bc5 11.
Re1+ Kf8 12. Bxf4 Bxd4+ 13. Nxd4 Qf6 14. Nf5 Re8 15. Bd6+ Ne7 16. Bxe7+ Rxe7 17. Nxe7 Qb6+ 18. Kh1 Qxb2 19. Na4 Qa3 20. Re4 Qxe7 21. Rxe7 Kxe7 22. c4 Rc8 23. Nb2 Ne5 24. Rc1 Kd6 25. Kg1 b5 26.
Kf2 bxc4 27. Ke3 Kxd5 28. Rd1+ Ke6 29. Ke4 f5+ 30. Kd4 Rd8+ 31. Kc3 Rxd1 32. Nxd1 f4 33. a4 a5 34. Nf2 Kd5 35. Nh3 Nd3 36. Ng5 h6 37.
Nf3 g5 38. Nd4 g4 39. Nf5 h5 40. h3 f3 41. hxg4 fxg2 42. Ne3+ Ke4 43. Nxg2 hxg4 44. Kxc4 Nb2+ 45. Kb5 Kf3 46. Nh4+ Kg3 47. Nf5+ Kf4 48. Nh4 g3 49. Kxa5 Kg4 50. Ng2 Kf3 51. Nh4+ Kg4 52. Ng2 Kh3 53. Nf4+ Kh2 54. Kb5 Nd3 55. Nxd3 g2 56.
Ne1 g1=N 57. a5 Ne2 58. a6 Nf4 59. a7 Ne6 60. Kb6 Nf4 61. a8=Q Kg3 62. Qf3+ Kh4 63. Qxf4+ Kh3 64. Kc5 1/2-1/2

[Event "Late-Titled-Tuesday-Blitz-September-19-2023"]
[Site "Chess.com"]
[Date "2023.09.19"]
[Round "7"]
[White "ArtemDyachuk"]
[Black "ilm2034"]
[Result "1-0"]
[WhiteElo "2716"]
[BlackElo "2573"]
[TimeControl "180+1"]
[EndTime "15:16:20 PDT"]
[Termination "ArtemDyachuk won by checkmate"]

1. e4 g6 2. d4 Bg7 3. Nc3 c5 4.
d5 e5 5. Be3 d6 6. h4 h6 7. Qd2 Ne7 8. Nge2 f5 9. f3 f4 10. Bf2 g5 11. hxg5 hxg5 12. Rxh8+ Bxh8 13. O-O-O Na6 14. g3 Bd7 15. Bg2 Qa5 16. Rh1 O-O-O 17. Rh7 Re8 18. Qe1 b5 19. Qh1 Bf6 20. Qh6 Ng8 21. Qg6 b4 22. Bh3 Rd8 23. Rxd7 Rxd7 24.
Qxg8+ Bd8 25. Qe8 Nb8 26. Nb1 Qxa2 27. gxf4 exf4 28. e5 dxe5 29. Bxc5 Qxd5 30. Bxd7+ Nxd7 31. Be7 Nb6 32. Bxd8 Qxd8 33. Qxe5 Kb7 34. Qe4+ Qd5 35. Qxd5+ Nxd5 36. Nd2 a5 37. Ne4 g4 38. fxg4 f3 39. N2g3 Ne3 40. g5 Ng4 41. g6 Kc6 42. g7 Nh6 43. Kd2 Kd5 44. Ke3 f2 45. Kxf2 a4 46.
Ke3 a3 47. bxa3 bxa3 48. Kd3 a2 49. Nc3+ Ke5 50. Nxa2 Kf6 51. Nh5+ Kg6 52. c4 Kh7 53. c5 Nf7 54. c6 Ne5+ 55. Ke4 Nxc6 56. Kf5 Ne7+ 57.
Kf6 Ng8+ 58. Kf7 Nh6+ 59. Kf8 Ng8 60. Nb4 Nh6 61. Nf6+ Kg6 62. Ng4 Kh7 63. Nxh6 Kxh6 64. g8=Q Kh5 65. Qg3 Kh6 66. Qg4 Kh7 67. Qh5# 1-0

[Event "Late-Titled-Tuesday-Blitz-September-19-2023"]
[Site "Chess.com"]
[Date "2023.09.19"]
[Round "7"]
[White "Bilan_Danila"]
[Black "Sokoloco"]
[Result "1-0"]
[WhiteElo "2577"]
[BlackElo "2661"]
[TimeControl "180+1"]
[EndTime "15:16:21 PDT"]
[Termination "Bilan_Danila won by resignation"]

1. d4 d5 2. Nf3 c6 3. c4 e6 4.
Qc2 Nd7 5. Bf4 Ngf6 6. e3 Ne4 7. Nbd2 g5 8. Bg3 f5 9. Nxe4 fxe4 10. Nd2 Bg7 11.
f3 e5 12. fxe4 exd4 13. exd4 Bxd4 14. O-O-O O-O 15. Nf3 Be3+ 16. Kb1 Nc5 17. cxd5 Qb6 18. dxc6 Be6 19. Bc4 Qxc6 20. Rd6 Qe8 21. Rxe6 Nxe6 22. Qb3 Bf4 23. Bxe6+ Kg7 24. Bd5 Qe7 25. Qc3+ Kh6 26.
Bxf4 Rxf4 27. Rc1 Raf8 28. Nd4 Rxe4 29. Bxe4 Qxe4+ 30. Ka1 Qe5 31. a3 Rf6 32. Nf3 Qf4 33. Nd4 Rd6 34. Nb3 Rc6 35. Qh3+ Kg7 36. Rxc6 bxc6 37.
Qd7+ Kg8 38. Qxc6 Qxh2 39. Ka2 Qf4 40. Qd5+ Kg7 41. Qd7+ Kg6 42. Qxa7 h5 43. Qb6+ Kf5 44.
Qb5+ Kg4 45. a4 Kg3 46. a5 Kxg2 47. a6 g4 48. a7 Qf3 49. Qb8 g3 50. a8=Q h4 51.
Qbb7 Qxb7 52. Qxb7+ Kh2 53. Nd2 g2 54. Qc7+ Kh3 55.
Qd7+ Kg3 56. Qg7+ Kf2 57. Ne4+ Kf3 58. Ng5+ Kg4 59. Ne6+ Kf3 60. Qf6+ Kg3 61. Qg5+ Kf3 62. Nd4+ Kf2 63. Qxh4+ Ke3 64. Qg3+ 1-0